 Dungeon Crawl Stone Soup version 0.30-a0-371-gad7725a93e (webtiles) character file.

Game seed: 10243300529136469169

2979 innerfire433 the Trooper (level 9, -2/71 HPs)
             Began as a Demonspawn Monk on Nov 21, 2022.
             Was a Priest of Qazlal.
             Slain by a centaur warrior zombie (4 damage)
             ... on level 7 of the Dungeon.
             The game lasted 00:12:38 (5249 turns).

innerfire433 the Trooper (Demonspawn Monk)          Turns: 5249, Time: 00:12:38

Health: -2/71      AC:  9    Str: 14    XL:     9   Next: 53%
Magic:  0/9        EV: 15    Int: 12    God:    Qazlal [***...]
Gold:   198        SH: 10    Dex: 19    Spells: 8/8 levels left

rFire   . . .      SeeInvis .    j - +2 flail (vorpal)
rCold   . . .      Faith    .    i - +0 buckler
rNeg    + . .      Spirit   +    e - +2 robe of Dim Light {Regen+ Slay+3}
rPois   .          Reflect  .    (helmet restricted)
rElec   .          Harm     .    q - +0 cloak
rCorr   .          Rampage  .    t - +0 pair of gloves
Will    .....                    (no boots)
Stlth   ++........               u - amulet of guardian spirit
HPRegen 1.11/turn                x - ring of positive energy
MPRegen 0.11/turn                (no ring)

@: brilliant, about to teleport, on berserk cooldown, flying, hasted and slowed
A: antennae 1, claws 1, ignite blood 2, weakness stinger 1, iridescent scales 1,
agile 1, deterioration 1, shaggy fur 1
a: Renounce Religion, Upheaval, Elemental Force


You were on level 7 of the Dungeon.
You worshipped Qazlal.
Qazlal was most pleased with you.
You visited 1 branch of the dungeon, and saw 7 of its levels.

You collected 247 gold pieces.
You spent 49 gold pieces at shops.

Inventory:

Hand Weapons
 j - a +2 vorpal flail (weapon)
 y - a +4 quarterstaff of chaos
Missiles
 k - 10 atropa-tipped darts (quivered)
Armour
 a - a +0 robe
 e - the +2 robe of Dim Light (worn) {Regen+ Slay+3}
   (You found it on level 2 of the Dungeon)

   Slay:      It affects your accuracy & damage with ranged weapons and melee
   (+3).
   Regen:     It increases your rate of health regeneration.
 i - a +0 buckler (worn)
 q - a +0 cloak (worn)
 t - a +0 pair of gloves (worn)
Jewellery
 u - an amulet of guardian spirit (around neck)
 x - a ring of positive energy (left hand)
Wands
 b - a wand of roots (10)
Scrolls
 d - 2 scrolls of teleportation
 g - 2 scrolls of vulnerability
 h - 3 scrolls of identify
 l - 4 scrolls of fear
 m - 2 scrolls of butterflies
 o - a scroll of amnesia
 r - a scroll of enchant armour {unknown}
 v - a scroll of summoning {unknown}
 w - a scroll of enchant weapon
Potions
 p - a potion of flight


   Skills:
 + Level 6.7 Fighting
 - Level 4.8(5.7) Maces & Flails
 * Level 4.5(5.5) Staves
 + Level 6.2 Dodging
 - Level 1.7 Stealth
 + Level 4.6 Shields
 - Level 4.5 Unarmed Combat


You had 8 spell levels left.
You didn't know any spells.
Your spell library contained the following spells:

 Spells                   Type           Power      Damage    Failure   Level
 Slow                     Hex            0%         N/A       38%         1
 Summon Small Mammal      Summ           0%         N/A       38%         1
 Cigotuvi's Dreadful Rot  Necr/Pois/Air  0%         N/A       54%         2
 Poisonous Vapours        Pois/Air       0%         N/A       54%         2
 Call Canine Familiar     Summ           0%         N/A       77%         3
 Confusing Touch          Hex            0%         N/A       77%         3
 Mephitic Cloud           Conj/Pois/Air  0%         N/A       77%         3
 Ozocubu's Armour         Ice            0%         N/A       77%         3
 Summon Guardian Golem    Hex/Summ       0%         N/A       77%         3
 Vampiric Draining        Necr           0%         2d6       77%         3
 Ozocubu's Refrigeration  Ice            0%         4d7       100%        7


Dungeon Overview and Level Annotations

Branches:
Dungeon (7/15)
 Temple: D:4-7

Altars:
Dithmenos
Qazlal

Shops:
D:4 :?=?   D:5 [


Innate Abilities, Weirdness & Mutations

You have a pair of small antennae on your head.
You have sharp fingernails.
Your demonic aura often causes spilled blood to erupt in flames.
You have a small tail.
You are partially covered in iridescent scales. (AC +2)
You are agile. (Dex +4, Str/Int -1)
Your body sometimes deteriorates upon taking damage.
You are covered in fur. (AC +1)


Message History

You block the centaur warrior zombie's attack.
It was a potion of brilliance.
You feel clever all of a sudden.
The centaur warrior zombie closely misses you.
The centaur warrior zombie kicks you but does no damage.
You block the shadow imp's attack.
The boggart skeleton completely misses you.
It was a potion of flight.
You feel very buoyant.
You fly up into the air.
You block the centaur warrior zombie's attack. x2
The shadow imp is engulfed in freezing vapours.
The shadow imp hits you but does no damage.
The boggart skeleton completely misses you.
The centaur warrior zombie completely misses you.
The centaur warrior zombie barely misses you.
The shadow imp is engulfed in freezing vapours.
The shadow imp completely misses you. The boggart skeleton misses you.
It was a potion of haste.
You feel yourself speed up.
The centaur warrior zombie is struck by lightning.
The centaur warrior zombie hits you!
* * * LOW HITPOINT WARNING * * *
The centaur warrior zombie kicks you.
* * * LOW HITPOINT WARNING * * *
The shadow imp is engulfed in freezing vapours.
You block the shadow imp's attack.
The centaur warrior zombie barely misses you.
The centaur warrior zombie kicks you but does no damage.
The boggart skeleton hits you but does no damage.
Okay, then.
As you read the scroll of teleportation, it crumbles to dust.
You feel strangely unstable.
The centaur warrior zombie completely misses you.
You block the centaur warrior zombie's attack.
The shadow imp is engulfed in freezing vapours.
You block the shadow imp's attack.
The boggart skeleton hits you but does no damage.
The centaur warrior zombie is struck by lightning.
The centaur warrior zombie hits you.
You die...

#....8.....8..
#...8.........
#..P.8........
#......P8..
###.P.....
#.......#
#......#Z
#......#
#...5@Z#
#...Z○.#
#...)..#
##.....+
####.## ..#
###


You could see a shadow imp, a centaur warrior zombie and a boggart skeleton.

Vanquished Creatures
  A centaur zombie (D:7)
  2 centaur skeletons (D:7)
  2 hellwings (D:7)
  An ice beast (D:3)
  3 black bears
  2 ogres (D:4)
  2 phantoms
  2 necrophages
  3 scorpions
  A howler monkey (D:6)
  2 jellies
  Crazy Yiuf (D:6)
  An orc priest (D:6)
  4 hounds
  3 iguanas
  2 orc wizards
  8 adders
  4 shadow imps
  A white imp (D:6)
  An ufetubus (D:5)
  2 worms (D:2)
  4 dart slugs
  12 orcs
  5 ball pythons
  6 endoplasms
  5 giant cockroaches
  7 hobgoblins
  3 jackals (D:3)
  5 kobolds
  5 quokkas
  7 bats
  3 frilled lizards
  12 goblins
  5 rats
127 creatures vanquished.

Notes
Turn   | Place    | Note
-------+----------+-------------------------------------------
     0 | D:1      | innerfire433 the Demonspawn Monk began the quest for the
                  | Orb.
     0 | D:1      | Reached XP level 1. HP: 18/18 MP: 1/1
   219 | D:1      | Discovered your monstrous ancestry.
   219 | D:1      | Gained mutation: You have sharp fingernails. [demonic
                  | ancestry]
   219 | D:1      | Reached XP level 2. HP: 8/24 MP: 2/2
   886 | D:2      | Gained mutation: Your demonic aura sometimes causes spilled
                  | blood to erupt in flames. [demonic ancestry]
   886 | D:2      | Reached XP level 3. HP: 29/29 MP: 3/3
   924 | D:2      | Identified the +2 robe of Dim Light {Regen+ Slay+3}
  1208 | D:2      | Reached XP level 4. HP: 35/35 MP: 4/4
  1904 | D:3      | Noticed an ice beast
  1924 | D:3      | Killed an ice beast
  1925 | D:3      | Reached XP level 5. HP: 29/42 MP: 5/5
  2785 | D:4      | Gained mutation: Your demonic aura often causes spilled
                  | blood to erupt in flames. [demonic ancestry]
  2785 | D:4      | Reached XP level 6. HP: 48/48 MP: 6/6
  2806 | D:4      | Found a stormy altar of Qazlal.
  2816 | D:4      | Became a worshipper of Qazlal Stormbringer
  2816 | D:4      | Reached * piety under Qazlal
  2816 | D:4      | Reached ** piety under Qazlal
  2857 | D:4      | Reached skill level 1 in Maces & Flails
  2869 | D:4      | Found Yqoul's Jewellery Emporium.
  2913 | D:4      | Found Wulute's Magic Scroll Boutique.
  3145 | D:4      | Reached skill level 1 in Shields
  3192 | D:4      | Found Yloskod's Magic Scroll Shoppe.
  3195 | D:4      | Found Maexuh's Book Shop.
  3391 | D:4      | Reached XP level 7. HP: 55/55 MP: 7/7
  3446 | D:5      | Entered Level 5 of the Dungeon
  3665 | D:5      | Found Piaprom's Armour Emporium.
  3684 | D:5      | Bought a +0 pair of gloves for 49 gold pieces
  3947 | D:5      | Reached skill level 5 in Fighting
  4156 | D:5      | Found a shadowy altar of Dithmenos.
  4347 | D:6      | Gained mutation: You have a pair of small antennae on your
                  | head. [demonic ancestry]
  4347 | D:6      | Reached XP level 8. HP: 59/62 MP: 8/8
  4449 | D:6      | Reached skill level 5 in Dodging
  4801 | D:6      | Found a runed translucent door.
  4802 | D:6      | Noticed Crazy Yiuf
  5047 | D:6      | Killed Crazy Yiuf
  5151 | D:6      | Reached *** piety under Qazlal
  5155 | D:6      | Reached skill level 1 in Staves
  5196 | D:7      | Noticed a hellwing
  5197 | D:7      | Noticed a hellwing
  5219 | D:7      | Killed a hellwing
  5222 | D:7      | Gained mutation: You have a small tail. [demonic ancestry]
  5222 | D:7      | Reached XP level 9. HP: 31/69 MP: 7/9
  5228 | D:7      | Killed a hellwing
  5245 | D:7      | Gained mutation: Your body sometimes deteriorates upon
                  | taking damage. [potion of mutation]
  5245 | D:7      | Gained mutation: You are covered in fur. (AC +1) [potion of
                  | mutation]
  5245 | D:7      | Gained mutation: You are agile. (Dex +4, Str/Int -1)
                  | [potion of mutation]
  5245 | D:7      | Gained mutation: You are partially covered in iridescent
                  | scales. (AC +2) [potion of mutation]
  5248 | D:7      | HP: 3/71 [centaur warrior zombie (8)]
  5248 | D:7      | HP: 1/71 [centaur warrior zombie (2)]
  5249 | D:7      | Slain by a centaur warrior zombie

Illustrated notes

Levels and vault maps discovered:
D:1:      dpeg_arrival_arbitrary_b, layout_loops_cross
D:2:      layout_basic, kennysheep_generic_room_10
D:3:      kennysheep_the_goblin_king, layout_basic
D:4:      layout_basic, old_standard_altar, serial_shops, shop_statue, shop,
          nicolae_shop_crystal, kennysheep_mini, serial_corexii_hall,
          chequers_hall_statues_corner_a, chequers_hall_statues_y,
          minmay_misc_feat_room
D:5:      layout_loops_cross, nicolae_dithmenos_the_darkroom, serial_shops,
          shop, serial_co_window_serial, co_window_corner_a, co_window_paths_a,
          co_window_corner_a, co_window_paths_a, co_window_corner_a,
          co_window_corner_a, co_window_of_opportunity_c, co_window_broadway_c,
          co_window_of_opportunity_b, co_window_broadway_c,
          co_window_unsneaky_path_e, glass_columns_a, glass_columns_b,
          kennysheep_another_room, corexii_shack
D:6:      layout_basic, uniq_crazy_yiuf_cottage
D:7:      cheibrodos_grave_circle, layout_basic,
          minmay_temple_entry_butterflies, serial_shops, shop, uniq_maggie

Skill      XL: |  1  2  3  4  5  6  7  8  9 |
---------------+----------------------------+-----
Unarmed Combat | 3 4 |  4.5
Dodging        | 3 4 5 6 |  6.2
Fighting       | 4 5 6 |  6.7
Maces & Flails | 2 4 |  4.8
Shields        | 1 2 4 |  4.6
Staves         | 3 4 |  4.5
Stealth        | |  1.7

Action                   |  1- 3 |  4- 6 |  7- 9 || total
-------------------------+-------+-------+-------++-------
Melee: Unarmed           |   108 |    93 |       ||   201
       Punch             |     1 |       |       ||     1
       Flail             |       |    43 |   130 ||   173
       Tailslap          |       |       |     3 ||     3
  Use: Potion            |     2 |     2 |     9 ||    13
       Scroll            |       |    10 |     1 ||    11
 Stab: Sleeping          |     3 |     1 |       ||     4
Armor: Robe              |    25 |    43 |    89 ||   157
Dodge: Dodged            |    93 |    95 |   191 ||   379
Block: Buckler           |     1 |    34 |    95 ||   130

Table legend: (Time is in decaauts)
 A = Elapsed time spent in this place.
 B = Non-inter-level travel time spent in this place.
 C = Inter-level travel time spent in this place.
 D = Time resting spent in this place.
 E = Time spent auto-exploring this place.
 F = Levels seen in this place.
 G = Mean time per level.
                   A        B        C        D        E       F      G
               +--------+--------+--------+--------+--------+-----+--------+
         Total |   5287 |   5023 |    264 |      0 |   3860 |   7 |  755.3 |
       Dungeon |   5287 |   5023 |    264 |      0 |   3860 |   7 |  755.3 |
               +--------+--------+--------+--------+--------+-----+--------+

Top non-repeatable levels by time:
     D:2: 981 daAuts
     D:5: 898 daAuts
     D:3: 884 daAuts
     D:6: 872 daAuts
     D:1: 842 daAuts
     D:4: 743 daAuts
     D:7: 65 daAuts
